 Dungeon Crawl Stone Soup version 0.23.0 (webtiles) character file.

Game seed: 15923595294550309355

322 Monsterracer the Cudgeler (level 6, -20/39 HPs)
             Began as a Gargoyle Abyssal Knight on Feb 9, 2019.
             Was a Believer of Lugonu.
             Demolished by an ogre
             ... wielding a +0 giant club
              (21 damage)
             ... on level 4 of the Dungeon.
             The game lasted 00:05:12 (4311 turns).

Monsterracer the Cudgeler (Gargoyle Abyssal Knight) Turns: 4311, Time: 00:05:13

Health: -20/39     AC: 13    Str: 18    XL:     6   Next: 47%
Magic:  7/8        EV:  7    Int: 12    God:    Lugonu [**....]
Gold:   96         SH:  0    Dex:  9    Spells: 5/5 levels left

rFire    . . .     SeeInvis .   a - +0 flail
rCold    . . .     Gourm    .   (no shield)
rNeg     + . .     Faith    .   d - +0 chain mail
rPois    ∞         Spirit   .   (no helmet)
rElec    +         Reflect  .   (no cloak)
rCorr    .         Harm     .   (no gloves)
MR       .....                  (no boots)
Stlth    ..........             (no amulet)
HPRegen  0.13/turn              (no ring)
MPRegen  0.11/turn              (no ring)

@: no status effects
A: negative energy resistance 1, electricity resistance, unbreathing,
petrification resistance, rot immunity, AC +4
a: Depart the Abyss, Bend Space, Renounce Religion


You were on level 4 of the Dungeon.
You worshipped Lugonu.
Lugonu was pleased with you.
You were not hungry.

You visited 1 branch of the dungeon, and saw 4 of its levels.
You visited the Abyss 1 time.

You collected 96 gold pieces.

Inventory:

Hand Weapons
 a - a +0 flail (weapon)
Armour
 d - a +0 chain mail (worn)
Wands
 b - a wand of digging (1)
Comestibles
 c - 7 rations


   Skills:
 + Level 4.4 Fighting
 * Level 5.5 Maces & Flails
 + Level 2.5 Armour
 - Level 0.7 Dodging
 + Level 3.0 Invocations


You had 5 spell levels left.
You didn't know any spells.
Your spell library was empty.

Dungeon Overview and Level Annotations

Branches:
Dungeon (4/15)             Temple (0/1) D:4

Altars:
Elyvilon
Makhleb
Vehumet
Yredelemnul


Innate Abilities, Weirdness & Mutations

You are resistant to torment.
Your stone body is resilient. (AC +4)
You are immune to poison.
You resist negative energy. (rN+)
You are resistant to electric shocks. (rElec)
You can survive without breathing.
You are immune to petrification.
You are immune to rotting.


Message History

You hit the adder.
The adder is lightly wounded.
The adder bites you but does no damage. x2
An adder is nearby!
You miss the adder.
The adder is lightly wounded.
The adder bites you but does no damage.
You barely miss the adder.
The adder is lightly wounded.
The adder bites you but does no damage. x2
An adder is nearby!
You closely miss the adder.
The adder is lightly wounded.
The adder bites you but does no damage.
An adder is nearby!
You miss the adder.
The adder is lightly wounded.
The adder barely misses you. The adder bites you but does no damage.
You sock the adder!
The adder is almost dead.
The adder bites you but does no damage.
An adder is nearby!
You miss the adder.
The adder is almost dead.
The adder bites you but does no damage. The adder barely misses you.
An adder is nearby!
You miss the adder.
The adder is severely wounded.
The adder bites you.
You take 2 damage, and have 37/39 hp.
An adder is nearby!
You sock the adder!
You kill the adder!
Lugonu accepts your kill.
An ogre comes into view. It is wielding a +0 giant club.
Found a stone staircase leading down.
Health restored: 39 A worker ant comes into view.
The worker ant twitches its antennae in your direction.
There are monsters nearby!
There are monsters nearby!
The worker ant waves its antennae.
You see here an adder corpse.
You hit the ogre.
The ogre is lightly wounded.
The ogre hits you with a +0 giant club!!
You take 18 damage, and have 21/39 hp.
MASSIVE DAMAGE!!
You thump the ogre!
The ogre is heavily wounded.
The ogre hits you with a +0 giant club!
* * * LOW HITPOINT WARNING * * *
You take 17 damage, and have 4/39 hp.
MASSIVE DAMAGE!!
Space bends around you!
You blink.
You take 1 damage, and have 3/39 hp.
You now have 7/8 mp.
You see here a leopard gecko skeleton.
MP restored: 8
There is an open door here.
You hit the worker ant but do no damage.
The worker ant bites you but does no damage.
You sock the worker ant!
The worker ant is heavily wounded.
The worker ant bites you.
* * * LOW HITPOINT WARNING * * *
You take 3 damage, and have 5/39 hp.
Unknown command.
You hit the worker ant but do no damage.
The worker ant is heavily wounded.
The worker ant bites you but does no damage.
The worker ant bites you.
* * * LOW HITPOINT WARNING * * *
You take 3 damage, and have 2/39 hp.
Unknown command.
You hit the worker ant but do no damage.
The worker ant is heavily wounded.
The worker ant bites you but does no damage.
Okay, then.
Okay, then.
The worker ant bites you but does no damage.
All of the chunks of flesh in your inventory have rotted away.
You aren't in the Abyss!
Space bends around you!
You blink.
You take 2 damage, and have 1/39 hp.
You now have 7/8 mp.
Things that are here:
a leopard gecko skeleton; a quokka skeleton MP restored: 8 You aren't in the Abyss!
Space bends around you!
You blink.
The worker ant bites you but does no damage.
You take 2 damage, and have 1/39 hp.
You now have 7/8 mp.
You aren't carrying any potions.
You aren't carrying any scrolls.
You sock the worker ant!
The worker ant is severely wounded.
The worker ant bites you but does no damage.
The worker ant closely misses you.
You barely miss the worker ant.
The worker ant is severely wounded.
The ogre hits you with a +0 giant club!!
Ouch! That really hurt!
You die...

#.# ###.# #.... .. #.#.### #..
#.#...# #.# ### #.#.#(###.#
.>####################.#....##.##
...............a@O...÷...........
######################.#.#..##..#
#.#......... ## #.#.....#... .#
#.#..#.##.#. .# #.#..#..#.#. .#
#.#..#..#.#. .# #.#.....#.#. .#
##.#.##.#.


You could see an ogre and a worker ant.

Vanquished Creatures
  A scorpion (D:4)
  An orc priest (D:4)
  A bullfrog skeleton (D:4)
  An orc wizard (D:3)
  A howler monkey skeleton (D:4)
  3 gnolls
  5 adders
  An adder skeleton (D:4)
  8 worms
  2 dart slugs
  4 leopard geckos
  4 orcs
  6 giant cockroaches
  9 goblins
  5 hobgoblins
  4 jackals (D:1)
  4 kobolds
  2 quokkas (D:4)
  7 bats
  3 frilled lizards
  4 rats (D:2)
76 creatures vanquished.

Vanquished Creatures (others)
  An adder (D:3)
  An orc (D:3)
2 creatures vanquished.

Grand Total: 78 creatures vanquished

Notes
Turn   | Place    | Note
-------+----------+-------------------------------------------
     0 | Abyss:1  | Monsterracer the Gargoyle Abyssal Knight began the quest
                  | for the Orb.
     0 | Abyss:1  | Reached XP level 1. HP: 14/14 MP: 2/2
    30 | Abyss:1  | Noticed a large abomination
    31 | Abyss:1  | Noticed a large abomination
    34 | D:1      | Escaped the Abyss
   150 | D:1      | Reached * piety under Lugonu
   200 | D:1      | Reached XP level 2. HP: 15/19 MP: 3/3
   477 | D:1      | Reached skill level 3 in Maces & Flails
   731 | D:1      | Reached XP level 3. HP: 21/23 MP: 4/4
   961 | D:2      | Reached skill level 4 in Maces & Flails
  1111 | D:2      | Reached XP level 4. HP: 27/28 MP: 5/5
  1155 | D:2      | Found a white marble altar of Elyvilon.
  1180 | D:2      | HP: 12/28 [worm (5)]
  1185 | D:2      | HP: 3/28 [worm (4)]
  2077 | D:2      | Reached ** piety under Lugonu
  2115 | D:2      | Found a basalt altar of Yredelemnul.
  2172 | D:2      | Reached XP level 5. HP: 23/33 MP: 6/6
  2311 | D:2      | Found a burning altar of Makhleb.
  2635 | D:3      | HP: 15/33 [worm (3)]
  2642 | D:3      | HP: 15/33 [worm (1)]
  2644 | D:3      | HP: 7/33 [worm (8)]
  3108 | D:3      | Reached skill level 5 in Maces & Flails
  3336 | D:3      | Found a radiant altar of Vehumet.
  3772 | D:4      | Found a staircase to the Ecumenical Temple.
  3898 | D:4      | Reached XP level 6. HP: 35/38 MP: 8/8
  4241 | D:4      | HP: 4/39 [ogre/+0 giant club (17)]
  4284 | D:4      | HP: 5/39 [worker ant (3)]
  4285 | D:4      | HP: 2/39 [worker ant (3)]
  4311 | D:4      | Demolished by an ogre

Skill      XL: |  1  2  3  4  5  6 |
---------------+-------------------+-----
Maces & Flails | 3 4 5 |  5.5
Fighting       | 4 |  4.4
Invocations    | 3 |  3.0
Armour         | |  2.5
Dodging        | |  0.7

Action                   |  1- 3 |  4- 6 || total
-------------------------+-------+-------++-------
Melee: Mace              |    78 |   112 ||   190
       Flail             |       |   155 ||   155
Invok: Depart the Abyss  |     1 |       ||     1
       Bend Space        |       |     3 ||     3
  Eat: Chunk             |     1 |    10 ||    11
Armor: Leather armour    |    40 |    34 ||    74
       Ring mail         |       |    38 ||    38
       Chain mail        |       |    61 ||    61
Dodge: Dodged            |    70 |   117 ||   187

Levels and vault maps discovered:
D:1:      psy_arrival_terrarium, layout_basic
D:2:      layout_loops_ring, old_standard_altar, lemuel_coloured_pillars_altar,
          lemuel_crystal_altar
D:3:      layout_basic, fiery_altar_vehumet, first_ration
D:4:      layout_basic, zin_treasury, minmay_temple_entry_proselytizer,
          st_stairs_3
Abyss:1
